[Event "Frauenbundesliga 2024-25"]
[Site "Germany"]
[Date "2025.01.26"]
[Round "4.2"]
[White "Khrapko, Marharyta"]
[Black "Kiolbasa, Oliwia"]
[Result "0-1"]
[Annotator "TA"]
[ECO "A09"]
[WhiteElo "2168"]
[BlackElo "2357"]
[PlyCount "76"]
[EventDate "2024.11.06"]
[EventType "team-tourn"]
[EventCountry "GER"]
[SourceTitle "playchess.com"]
[Source "ChessBase"]
[SourceQuality "1"]
[TimeControl "40/5400+30:1800+30"]

1. c4 e6 2. g3 d5 3. Bg2 Nf6 4. Nf3 d4 5. O-O c5 6. d3 Nc6 7. e3 {[%emt 0:00:29] A09: Réti Opening: 1 Nf3 d5 2 c4.} h6 8. Re1 Be7 9. exd4 {[%emt 0:01:33] White has an edge.} cxd4 10. Na3 O-O 11. Bf4 g5 $146 (11... Bb4 $11) (11... Bc5 12. Nc2 Nd7 13. a3 a5 14. b3 Re8 15. Bd2 e5 16. b4 Bd6 17. c5 Bf8 {1-0 Ding,L (2762)-Praggnanandhaa,R (2747) Norway Chess Armageddon 12th rapid 2024 (2)}) 12. Bd2 Nd7 13. h4 e5 (13... Nc5 $14 {is more appropriate.}) 14. hxg5 hxg5 15. Nh2 (15. Nc2 $16) 15... Nc5 $1 $11 16. f4 (16. Qe2 $11) 16... Nxd3 $15 {[%emt 0:10:28][%csl Od4] Black has a strong passed pawn} 17. Qh5 $2 {[%emt 0:05:47] [#] Now White is beyond hope.} Kg7 $1 $19 (17... Nxb2 $2 18. Be4 f5 19. Qg6+ Kh8 20. Qh6+ Kg8 21. Bd5+ (21. Bxc6 bxc6 22. Qg6+ Kh8 $16) 21... Rf7 22. Qg6+ (22. Bxf7+ Kxf7 23. Nf3 Qf8 $18) 22... Kh8 23. Qxf7 $18 (23. Bxf7 Qf8 $18)) 18. Rf1 f5 (18... Nxb2 19. fxg5 d3 20. Qh6+ Kg8 21. g6 Bc5+ 22. Kh1 fxg6 23. Qxg6+ (23. Bd5+ Qxd5+ 24. cxd5 Bf5 $18) 23... Kh8 24. Bd5 $18 (24. Qh6+ Kg8 $18)) (18... Rh8 $142 19. Qe2 Nxb2 (19... Bf5 20. fxg5 Bg6 21. Be4 $11) 20. fxg5 d3 (20... Bxa3 $2 21. Bxc6 bxc6 22. Qxe5+ Kg8 23. Rxf7 $19)) 19. fxg5 $2 (19. Bd5) 19... Rh8 (19... Nxb2 $2 20. Qh6+ Kf7 21. g6+ Ke8 22. g7 $18) 20. Qe2 e4 (20... Nxb2 21. Bxc6 bxc6 22. g4 (22. Qxe5+ Kg8 $11) 22... Bxg5 (22... Bxa3 23. gxf5 Kf8 24. Rae1 $15) 23. Bxg5 Qxg5 24. Rab1 $16) 21. g4 $2 (21. Bxe4 fxe4 22. Qxe4) 21... Bd6 (21... Bxg5 22. gxf5 e3 (22... Nxb2 23. Bxe4 Kf8 24. f6 $18) (22... Bxd2 23. Qxd2 Qh4 24. Bxe4 $17) 23. Qxd3 $15) 22. Nf3 exf3 23. Rxf3 Nde5 (23... Nxb2 24. gxf5 Bxf5 (24... Bh2+ $2 25. Kf1 $17) 25. Rxf5 Bh2+ 26. Kf1 $15) 24. Rxf5 Bxf5 25. gxf5 d3 26. f6+ Kf8 27. Qf2 Ng4 28. Qf5 Qb6+ 29. c5 Bxc5+ 30. Kf1 Nh2+ (30... Qxb2 31. Qxc5+ Kf7 32. Qd5+ Kf8 33. Qd6+ Kf7 34. Qd7+ Kg6 35. Be4+ (35. Qxd3+ Kf7 $18) 35... Kh5 36. Qxd3 $18 (36. Qf7+ $2 Kh4 $19)) 31. Ke1 Bxa3 (31... Qxb2 32. Qxc5+ Kf7 33. g6+ Kxg6 34. Be4+ (34. Qg5+ Kf7 $18) 34... Kxf6 (34... Kf7 35. Bd5+ Ke8 36. Bxc6+ Kf7 37. Bd5+ Kg6 38. Qg1+) 35. Qg5+ (35. Bc3+ Qxc3+ 36. Qxc3+ Ne5 $18) 35... Ke6 36. Qf5+ Ke7 37. Rb1 $18 (37. Bg5+ Ke8 $11)) 32. g6 Qg1+ ({Inferior is} 32... Qxb2 33. g7+ Kf7 34. Bd5+ (34. gxh8=R $2 {too greedy.} Qxa1+ 35. Kf2 Qd4+ 36. Ke1 Qg1+ 37. Bf1 Rxh8 $19) 34... Ke8 35. gxh8=Q+ (35. gxh8=R+ Bf8 36. Qe6+ Kd8 37. Qd6+ Ke8 38. Rxf8#) 35... Bf8 36. Qe6+ Kd8 37. Qd6+ Ke8 38. Qhxf8#) 33. Bf1 Re8+ (33... Ne5 $142 34. g7+ Kf7 35. Qxd3 Nxd3+ 36. Ke2 Nxb2 (36... Kxf6 $2 37. gxh8=B+ Rxh8 38. Kxd3 $19) (36... Rhd8 {is a self mate.} 37. Kd1 Qxf1+ 38. Kc2) 37. Bh6 Rhe8+ (37... Rxh6 38. Rc1 Re8+ 39. Kd2 Nxf1+ 40. Rxf1 Rh2+ 41. Rf2 Qxf2+ 42. Kc3 Rh3#) 38. Kd2 Qd4+ (38... Nxf1+ 39. Rxf1 Rad8+ 40. Kc2 Rc8+ 41. Kb3) 39. Kc2 Rec8+ (39... Qxf6 40. Rc1 Rac8+ 41. Bc4+ Rxc4+ 42. Kb1 Rxc1+ 43. Bxc1 Qf1 44. g8=B+ Rxg8 45. Kc2 Qd3#) 40. Bc4+ Rxc4+ 41. Kb3 Qd3#) 34. Kd1 {[%emt 0:00:06] Black is clearly winning.} Qxf1+ 35. Qxf1 Nxf1 36. g7+ Kf7 37. gxh8=Q Rxh8 38. bxa3 {[%emt 0:00:18] [#]} Ne3+ $1 {[%emt 0:01:26][%mdl 512] Weighted Error Value: White=1.19/Black=0.25 (precise)   Loses game:     	White=1     	---        Mistake:       	White=4     	Black=3      Inaccurate:     	White=1     	Black=2      OK:         	White=3     	Black=5      Best:        	---       	Black=1      Strong:       	---       	Black=2} 0-1

[Event "Frauenbundesliga 2024-25"]
[Site "Germany"]
[Date "2025.01.26"]
[Round "4.3"]
[White "Schneider, Jana"]
[Black "Schloffer, Jasmin-Denise"]
[Result "1-0"]
[Annotator "TA"]
[ECO "B15"]
[WhiteElo "2260"]
[BlackElo "2157"]
[PlyCount "159"]
[EventDate "2024.11.06"]
[EventType "team-tourn"]
[EventCountry "GER"]
[SourceTitle "playchess.com"]
[Source "ChessBase"]
[SourceQuality "1"]
[TimeControl "40/5400+30:1800+30"]

1. e4 c6 2. d4 d5 3. Nc3 dxe4 4. Nxe4 Nf6 5. Nxf6+ exf6 6. c3 Bd6 7. Bd3 O-O 8. Qc2 Re8+ 9. Ne2 h6 10. Be3 Nd7 11. c4 {[%emt 0:00:24] B15: Caro-Kann: 3 Nc3: 3...g6 and 3...dxe4 4 Nxe4 Nf6 5 Nxf6+ exf6.} Nf8 12. O-O Be6 13. Rae1 $146 {[%emt 0:06:31] The position is equal.} (13. Rad1 Qa5 14. Ng3 Rad8 15. a3 a6 16. Rfe1 Bb8 17. Nf1 b5 18. cxb5 cxb5 19. Be4 {1-0 Shogdzhiev,R (2260)-Martic,I (2268) Belgrade Radnicki IM 12 2024 (6)}) 13... Rc8 14. Qd2 (14. Ng3 $14 {might be stronger.}) 14... f5 $11 15. d5 cxd5 16. cxd5 Bxd5 17. Bxf5 Be6 18. Nd4 Bxf5 19. Nxf5 Be5 20. Qb4 (20. Qxd8 Rcxd8 21. Bxa7 Bxb2 22. Rxe8 Rxe8 23. Rb1) 20... Qf6 21. Qg4 Ng6 22. b3 {[%emt 0:09:47][%cal Oh2h4] The position is symmetric and equal} b6 23. h4 Bc3 24. Rc1 Ne7 $2 (24... Ne5 $11 25. Qh5 (25. Qe4 Nc4 $11) 25... Red8) 25. Nxe7+ $18 (25. Nxh6+ $6 Kf8 26. Bg5 Qe6 $16) 25... Qxe7 26. Bd4 $1 (26. Bxh6 Qe2 27. Qh3 Rc6 $16) 26... Bxd4 27. Rxc8 Rxc8 28. Qxc8+ {[%emt 0:00:06][%mdl 4096] Endgame KQR-KQB} Kh7 29. h5 Qe5 30. Qc2+ f5 31. Rd1 Bc5 32. Qd2 Qe4 33. Re1 Qh4 34. Re5 Qxh5 35. Qd3 Kg6 36. Qd7 Qg5 {[%emt 0:00:16] ( -> ...Qc1+)} 37. Qe6+ (37. Qxa7 Qc1+ 38. Kh2 Qf4+ (38... Bxf2 $2 39. Qf7+ Kxf7 40. Rxf5+ Kg8 41. Rxf2 $19) 39. Kh3 Qg4+ (39... Qxe5 $2 40. Qb7 $19) 40. Kh2 Qh4+ (40... Bxf2 $2 41. Qxb6+ Bxb6 42. Re6+ Kg5 43. Rxb6 $19) (40... Qf4+ 41. Kh3 Qg4+ 42. Kh2 Qh4+ 43. Kg1 Qxf2+ 44. Kh2 Qh4#) 41. Kg1 Qxf2+ 42. Kh2 Qh4#) 37... Qf6 38. Qd5 Qg5 39. Qc4 a5 40. Re8 Kh5 41. Qf7+ g6 42. Qc4 {[%emt 0:00:50] Inhibits Qc1+.} Qg4 43. Qd3 Qf4 44. Re2 Qd4 45. Qc2 Kg5 46. Rd2 Qe5 47. Rd1 Qf4 48. Rd3 (48. Qd2 {simplifies} Qxd2 49. Rxd2 h5 50. g3) 48... h5 49. g3 Qe4 50. Qd2+ Kf6 51. Kh2 h4 52. Qc3+ Ke6 53. Rd8 Ke7 {[%emt 0:01:52] Prevents Re8+.} 54. Rd2 {[%emt 0:00:18] Chess con chili.} hxg3+ 55. fxg3 Kf7 {[%emt 0:00:12] [#] Dodges Qg7+} 56. a3 Qb1 57. Qc4+ Kf6 {[%emt 0:00:40] and ...Qg1+ should not be overlooked} 58. Qh4+ Ke6 59. Re2+ Kd7 $2 {[%emt 0:00:34][%mdl 8192] White stays focused until the end.} (59... Kf7 $14) 60. Qh7+ Kc6 61. Qxg6+ Kb7 $2 (61... Kb5 62. Qe8+ Ka6 63. Qa8+ Kb5) 62. Qf7+ Ka6 63. Qc4+ Ka7 64. Rg2 (64. b4 $142 axb4 65. axb4 Bxb4 66. Qd5) 64... Be3 $2 (64... Kb8 {might work better.} 65. Qf4+ Ka7) 65. Qc7+ Ka6 66. Qc4+ Ka7 67. Qf7+ Ka6 68. Qe6 (68. Qd5 $142 {Qa8+ is the strong threat.} f4 69. Qc4+ Ka7 70. Qf7+ (70. gxf4 Qh7+ 71. Kg3 Bc5 $18) 70... Ka6 71. gxf4) 68... Bc5 $2 (68... Qd3 69. Qc8+ Ka7) 69. Qd5 Ka7 (69... Qc1 $142 70. Qxf5 Qh6+ 71. Qh3 Qc6 (71... Qxh3+ $2 72. Kxh3 Bxa3 73. g4 $18)) 70. b4 axb4 (70... Be3 $142 71. bxa5 f4 72. Qf7+ (72. axb6+ Kxb6 73. Qd6+ Ka7 $18) 72... Ka6 73. gxf4 Qf1) 71. axb4 Bxb4 72. Ra2+ Ba5 73. Qf7+ Ka6 74. Qc4+ Ka7 75. Re2 Bb4 {[%emt 0:00:47] Prevents Re7+} 76. Qc7+ Ka6 77. Qc8+ Ka7 {[%emt 0:00:26] [#]} 78. Qd7+ $1 {[%emt 0:00:46] White mates.} Ka6 79. Re8 b5 80. Qc6+ {[%emt 0:00:07] Weighted Error Value: White=0.13 (very precise) /Black=0.27 (precise)   Loses game:     	---       	Black=2      Mistake:       	White=3     	Black=4      Inaccurate:     	White=1     	Black=4      OK:         	White=23    	Black=22     Best:        	White=4     	Black=10     Strong:       	White=1     	---} 1-0

[Event "Frauenbundesliga 2024-25"]
[Site "Germany"]
[Date "2025.01.26"]
[Round "4.3"]
[White "Muetsch, Annmarie"]
[Black "Khotenashvili, Bella"]
[Result "1/2-1/2"]
[Annotator "TA"]
[ECO "B12"]
[WhiteElo "2252"]
[BlackElo "2420"]
[PlyCount "129"]
[EventDate "2024.11.06"]
[EventType "team-tourn"]
[EventCountry "GER"]
[SourceTitle "playchess.com"]
[Source "ChessBase"]
[SourceQuality "1"]
[TimeControl "40/5400+30:1800+30"]

1. e4 c6 2. d4 d5 3. e5 Bf5 4. Nd2 e6 5. Nb3 Nd7 6. Nf3 Qc7 $1 {[%emt 0:01:51][%mdl 4] now scores much better than the old 6...Ne7. B12: Caro-Kann: Advance Variation.} 7. Be2 c5 8. c3 c4 9. Nbd2 h6 10. O-O Ne7 11. Nh4 Bh7 12. g3 $146 (12. f4 g5 13. fxg5 hxg5 14. Nhf3 Nf5 15. Nb1 g4 16. Ng5 Nxe5 17. Bf4 Bd6 18. dxe5 Bxe5 {1-0 Oparin,G (2604)-Faizrakhmanov,R (2439) RUS-chT 24th 2017 (7.5)}) 12... Nc6 13. f4 Be7 14. Ng2 b5 15. Ne3 Qb6 16. Rf2 O-O 17. Ndf1 Be4 18. Bf3 Bd3 19. f5 {[%emt 0:08:33][%cal Of3d5] [#]} Ncxe5 $1 20. dxe5 Nxe5 21. Be2 Rad8 22. f6 Bxf6 (22... gxf6 $6 23. Ng2 $11) 23. Nc2 Bg5 {[%emt 0:14:15] White is weak on the light squares} 24. Bxg5 hxg5 25. Nd4 (25. Nfe3 $142) 25... b4 (25... Bxe2 $1 $17 26. Qxe2 Nd3) 26. Ne3 f5 27. Qd2 ({Better is} 27. Qa4) 27... Rf6 (27... Bxe2 $142 $1 28. Qxe2 Nd3) 28. Raf1 $17 Rdf8 29. h3 $2 (29. Ng2 $1 $15) 29... bxc3 $19 30. bxc3 Rh6 $2 (30... Be4 $19 31. Ng2 Rh6) 31. Ng2 $2 (31. Ng4 $1 $11 Nxg4 (31... Rxh3 $2 32. Nxe5 Be4 33. Rh2 $18) 32. hxg4) 31... Qd8 $2 (31... Rxh3 $19 32. Qxg5 Be4) 32. h4 $17 gxh4 33. Nxh4 Be4 {[%emt 0:00:25][%csl Oe4] Strong Square Black (e4)} 34. Rh2 Qf6 35. Bf3 Nxf3+ (35... Rf7 $17 {Threatens to win with ...g5.} 36. Ng2 Nxf3+ (36... Rxh2 37. Kxh2 Nd3 38. Bxe4 $11) 37. Nxf3 f4 (37... Rxh2 38. Kxh2 Rf8 39. Kg1 $11)) 36. Ndxf3 (36. Nhxf3 $5 Rxh2 37. Nxh2 $15) 36... e5 (36... Rh5 $1 $15) 37. Re1 $2 (37. Ng5 $11 Bd3 38. Re1 (38. Rff2 Rb8 $15)) 37... Rh5 (37... f4 $142 38. g4 Qb6+ 39. Qf2 Qxf2+ 40. Kxf2 Bxf3 41. Nxf3 Rxh2+ 42. Nxh2 e4) 38. Qf2 (38. Rf1 $142) 38... Rf7 $2 (38... g5 $1 $17 39. Ng2 Rxh2 40. Nxh2 f4) 39. Qc5 $2 (39. Nd2 $11 {and White has nothing to worry.}) 39... g5 $1 $19 40. Ng2 (40. Qc8+ Rf8 (40... Kg7 $2 41. Ng2 $19) 41. Qc5 gxh4) 40... Bxf3 41. Rxh5 Bxh5 42. Qxd5 e4 43. Qxc4 Qd6 44. Rb1 Kg7 45. Qd4+ Qxd4+ 46. cxd4 {[%emt 0:00:05][%mdl 4096] Endgame KRB-KRN. Black is a pawn up.} f4 47. Rb5 Kh6 $1 (47... fxg3 48. Rxg5+ Kh6 49. Rxg3 $11) 48. gxf4 gxf4 49. Kf2 {[%emt 0:00:08] Repels Be2} e3+ 50. Nxe3 fxe3+ 51. Kxe3 {[%emt 0:00:05] KRB-KR} Kg6 (51... Rf3+ $1 $19 {and Black stays clearly on top.} 52. Ke4 Ra3) 52. Re5 {[%emt 0:01:38] [#]} (52. Ra5 $17) 52... Rf3+ $1 53. Ke4 Ra3 54. d5 Rxa2 55. d6 $2 {[%emt 0:00:11] [#]} (55. Kf4) 55... Bg4 $1 56. Kf4 {[%emt 0:01:49] [#]} Bf5 57. Re8 $2 (57. Rc5 {was worth a try.}) (57. Ke3 Ra6) 57... Ra4+ 58. Ke3 Kf7 59. Re7+ Kf6 60. Re8 a6 $2 ({Black should play} 60... Be6 $19 61. Re7 a6) 61. Rf8+ $1 $11 {[%emt 0:01:19] The position is equal.} Ke5 62. Rxf5+ Kxd6 (62... Kxf5 $2 {perishes.} 63. d7 $18) 63. Kd3 Kc6 64. Kc3 Re4 65. Kb3 {[%emt 0:00:10] Weighted Error Value: White=0.49/Black=0.46  Loses game:     	White=2     	---        Missed win:     	---       	Black=3      Mistake:       	White=8     	Black=7      Inaccurate:     	White=7     	Black=5      OK:         	White=18    	Black=21     Best:        	White=4     	Black=1      Strong:       	White=1     	Black=3} 1/2-1/2

[Event "Frauenbundesliga 2024-25"]
[Site "Germany"]
[Date "2025.01.26"]
[Round "4.3"]
[White "Peglau, Dora"]
[Black "Ziegenfuss, Antonia"]
[Result "1-0"]
[Annotator "TA"]
[ECO "B91"]
[WhiteElo "2022"]
[BlackElo "2174"]
[PlyCount "85"]
[EventDate "2024.11.06"]
[EventType "team-tourn"]
[EventCountry "GER"]
[SourceTitle "playchess.com"]
[Source "ChessBase"]
[SourceQuality "1"]
[TimeControl "40/5400+30:1800+30"]

1. e4 c5 2. Nf3 d6 3. Nc3 a6 4. g3 Nc6 5. Bg2 g6 6. d4 cxd4 7. Nxd4 Bg7 8. Be3 Bd7 9. O-O Nf6 10. h3 O-O 11. Kh2 Ne5 (11... Rc8 $11) 12. b3 $1 $14 Rc8 13. Nd5 {[%emt 0:02:47] White is slightly better.} b5 14. Rc1 e6 15. Nxf6+ Bxf6 16. f4 Nc6 17. Nxc6 Bxc6 18. c4 bxc4 19. Rxc4 Bb5 (19... d5 $11 20. exd5 exd5) 20. Rxc8 Qxc8 21. Rf2 Qc3 22. Bb6 Qb4 23. Bc7 $1 Bd4 24. Rd2 (24. Ba5 $14 Qxa5 25. Qxd4) 24... e5 $11 {[%emt 0:00:15] [#]} 25. Bxd6 $1 Qxd6 26. fxe5 Bg1+ 27. Kxg1 $14 Qxe5 28. Kh2 (28. Qg4 {is interesting.} f5 29. Qg5 Kg7 30. Rf2) 28... Rc8 29. a4 $36 {[%emt 0:07:09][%mdl 2048] White has some pressure.} Be8 30. Rd5 Qb2 ({Better is} 30... Qc3 $14) 31. Rd8 $16 Rxd8 32. Qxd8 {[%emt 0:00:05][%mdl 4096] Endgame. KQB-KQB} Qe5 {[%emt 0:00:24] [#]} 33. Qd5 $1 Qxd5 (33... Qb8 $16 {might work better.}) 34. exd5 {[%emt 0:00:01][%cal Be4d5,Bd5d6][%mdl 32] KB-KB} f5 $2 (34... a5 35. Kg1 Kf8) 35. a5 $18 {[%emt 0:12:40] White is clearly winning.} Bb5 {[%emt 0:04:57] Inhibits Bf1.} 36. d6 Kf8 37. Bd5 Ke8 38. Bc4 {[%emt 0:00:53] And now Bxb5+ would win.} Bc6 39. Bxa6 {[%emt 0:00:32] b4 would now be deadly.} Kd7 40. b4 {[%emt 0:07:56] Threatens to win with Bf1.} Be4 41. Bf1 {[%emt 0:32:37] a6 is the strong threat.} Kxd6 (41... g5 $142 42. Kg1 Ba8) 42. a6 Kc7 43. Bg2 {[%emt 0:00:00] Weighted Error Value: White=0.12 (very precise) /Black=0.25 (precise) .  Mistake:       	White=1     	Black=6      Inaccurate:     	White=2     	Black=2      OK:         	White=6     	Black=8      Best:        	White=7     	Black=1      Strong:       	White=3     	---} 1-0

[Event "Frauenbundesliga 2024-25"]
[Site "Germany"]
[Date "2025.01.26"]
[Round "4.4"]
[White "Atalik, Ekaterina"]
[Black "Bashylina, Luisa"]
[Result "1/2-1/2"]
[Annotator "TA"]
[ECO "A25"]
[WhiteElo "2395"]
[BlackElo "2142"]
[PlyCount "121"]
[EventDate "2024.11.06"]
[EventType "team-tourn"]
[EventCountry "GER"]
[SourceTitle "playchess.com"]
[Source "ChessBase"]
[SourceQuality "1"]
[TimeControl "40/5400+30:1800+30"]

1. c4 e5 2. Nc3 Bb4 3. g3 Bxc3 4. bxc3 d6 5. Bg2 f5 6. d3 Nc6 7. Rb1 Nf6 8. Nf3 O-O 9. O-O Qe8 {[%emt 0:00:49] A25: English Opening vs King's Indian with ...Nc6 but without early d3.} 10. Ne1 b6 11. Nc2 Rb8 {[%emt 0:07:28] Black is slightly better.} 12. Ne3 Ne7 13. Nd5 Nexd5 14. cxd5 Bd7 15. c4 $146 (15. f4 e4 16. c4 Qh5 17. d4 b5 18. Qc2 bxc4 19. Rxb8 Rxb8 20. Qxc4 Rb7 21. Qa6 {1-0 Wang,H (2724)-Vitiugov,N (2722) CHN-RUS Summit Men 7th Rapid 2010 (17)}) 15... c5 {[%emt 0:02:55] Not much happening anymore} 16. dxc6 Bxc6 17. Bxc6 Qxc6 18. Qb3 Nd7 19. Qb5 {[%emt 0:17:01] Prevents Nc5.} Rbc8 20. a4 Nc5 21. a5 bxa5 22. Qxa5 Rf7 23. Ba3 Ne6 24. Rb2 f4 (24... Nd4 $11 {keeps the balance.}) 25. Qd5 $16 Qxd5 26. cxd5 Nc5 27. gxf4 Rxf4 28. Rc1 Rd4 29. Bxc5 Rxc5 30. Rxc5 dxc5 $14 {[%emt 0:00:04][%mdl 4096] Endgame KR-KR} 31. Rb8+ Kf7 32. Rb7+ Kf6 33. Rxa7 Rxd5 34. Rc7 h5 35. f3 {[%emt 0:01:24] White is more active.} g6 36. Kf2 Kg5 37. Rc6 h4 {[%emt 0:01:54] [#]} 38. Ke3 (38. h3 $1 $16) 38... Kf5 39. h3 Rd4 40. Rxc5 g5 $1 41. Rc6 Ra4 42. Kf2 {[%emt 0:00:30] [#] White threatens e4+ and mate.} Ra2 $1 43. Rd6 Rd2 44. Rd8 (44. Ra6 $14) 44... Rd1 $1 $11 45. Rd5 Ke6 (45... Kf6 $1 $11) 46. Ra5 Kf5 47. Ke3 (47. Ra6 $14 Rd2 48. Ke3) 47... Rh1 48. d4 Rxh3 49. Rxe5+ Kf6 50. Kf2 Rh1 $1 51. Ra5 Rd1 52. Ra6+ Kg7 53. Rd6 Rd2 {[%emt 0:00:00] The position is equal.} 54. d5 Kf7 55. Ke3 Rd1 56. Ke4 {[%emt 0:02:35] Kf5 is the strong threat.} Kg7 57. Rd7+ Kg6 58. Rd8 Kg7 59. Rd7+ Kg6 60. Rd8 Kg7 61. Rd7+ {[%emt 0:00:34] Weighted Error Value: White=0.10 (very precise) /Black=0.08 (flawless)   Mistake:       	White=3     	Black=2      Inaccurate:     	White=2     	Black=4      OK:         	White=20    	Black=17     Best:        	---       	Black=5      Strong:       	---       	Black=4} 1/2-1/2

[Event "Frauenbundesliga 2024-25"]
[Site "Germany"]
[Date "2025.01.26"]
[Round "4.4"]
[White "Fuchs, Judith"]
[Black "Braeutigam, Katerina"]
[Result "1-0"]
[Annotator "TA"]
[ECO "A01"]
[WhiteElo "2226"]
[BlackElo "1947"]
[PlyCount "69"]
[EventDate "2024.11.06"]
[EventType "team-tourn"]
[EventCountry "GER"]
[SourceTitle "playchess.com"]
[Source "ChessBase"]
[SourceQuality "1"]
[TimeControl "40/5400+30:1800+30"]

1. b3 e5 2. Bb2 Nc6 3. e3 Nf6 4. c4 d5 5. cxd5 Nxd5 6. a3 Bd6 7. Qc2 Qe7 8. b4 (8. Bd3 $11) 8... a6 (8... O-O $15) 9. Bc4 Nb6 {[%emt 0:04:47] Black has an edge.} 10. Bb3 O-O 11. d3 (11. Nf3 $15) 11... Kh8 (11... a5 $17 12. bxa5 Nxa5) 12. Nd2 f5 ({Better is} 12... a5 $15 13. b5 a4 14. bxc6 (14. Ba2 Na7 $17) 14... axb3 15. Qxb3 bxc6) 13. Ngf3 (13. Ne2 $5) 13... Bd7 (13... a5 $15) 14. h4 (14. O-O $5) 14... a5 15. b5 a4 16. Ba2 Nd8 17. h5 Bxb5 (17... Bxa3 $2 18. Nxe5 Be6 19. Bxa3 $18 (19. Ng6+ hxg6 20. Bxa3 Qf6 $18)) (17... c6 $11 {remains equal.}) 18. Nh4 $1 $16 Be8 {[%emt 0:00:31] [#] Wards off Ng6+} (18... Bxa3 19. Ng6+ hxg6 20. hxg6+) 19. Ng6+ Bxg6 $15 20. hxg6 h6 21. f4 Qf6 $2 {[%emt 0:07:31] [#]} (21... Rf6 $17 {[%cal Od8c6] stays on course. aiming for ...Nc6!} 22. g4 (22. Nf3 $2 exf4 23. Bxf6 Qxf6 $17) 22... Nc6 (22... Bxa3 23. Bxa3 Qxa3 24. Qxc7 $14) (22... fxg4 23. Ne4 $15)) 22. Nf3 {[%emt 0:02:11] White is more active.} (22. g4 $1 $16 ) 22... Qxg6 23. fxe5 Be7 24. Qxc7 Qxg2 25. Qxe7 $40 {[%emt 0:05:03][%mdl 128] White attacks.} Qxh1+ $4 ({Wrong is} 25... Nc6 $2 26. Qd6 Qxh1+ 27. Kf2 $18) (25... Qg3+ $11 26. Ke2 (26. Kd2 Qf2+ 27. Kc1 Rc8+ 28. Bc4 Qxe3+ 29. Kc2 Nc6 $17) 26... Qg2+ 27. Ke1 Qg3+ (27... Qxh1+ $2 {perishes.} 28. Kf2 $18) (27... Nc6 $2 28. Qd6 $18) 28. Ke2 (28. Kd2 Qf2+ 29. Kc1 Rc8+ 30. Bc4 Qxe3+ 31. Kc2 Nc6 $17) 28... Qg2+ 29. Ke1 Qg3+ (29... Qxh1+ $2 30. Kf2 $18) (29... Nc6 $2 30. Qd6 $18) 30. Ke2 (30. Kd2 Qf2+ 31. Kc1 Rc8+ 32. Bc4 Qxe3+ 33. Kc2 Nc6 $19)) 26. Kf2 $18 {[%emt 0:00:15] White is clearly winning.} Nc6 {[%emt 0:00:47] White must now prevent ...Qxf3+.} 27. Qxf8+ Rxf8 28. Rxh1 Nd7 29. d4 Re8 30. Bb1 Ne7 31. Bd3 Rc8 32. Nh4 g6 33. Rg1 Rg8 34. Rc1 {[%emt 0:01:20] And now Rc7 would win.} Nc6 35. e6 {[%emt 0:00:34] Weighted Error Value: White=0.31/Black=0.51.  Loses game:     	---       	Black=1      Mistake:       	White=4     	Black=6      Inaccurate:     	White=5     	Black=4      OK:         	White=5     	Black=6      Best:        	White=1     	Black=2      Strong:       	White=1     	---} 1-0

[Event "Frauenbundesliga 2024-25"]
[Site "Germany"]
[Date "2025.01.26"]
[Round "4.4"]
[White "Polterauer, Chiara"]
[Black "Melamed, Tatjana"]
[Result "1/2-1/2"]
[Annotator "TA"]
[ECO "B49"]
[WhiteElo "2098"]
[BlackElo "2353"]
[PlyCount "116"]
[EventDate "2024.11.06"]
[EventType "team-tourn"]
[EventCountry "GER"]
[SourceTitle "playchess.com"]
[Source "ChessBase"]
[SourceQuality "1"]
[TimeControl "40/5400+30:1800+30"]

1. e4 c5 2. Nf3 e6 3. d4 cxd4 4. Nxd4 Nc6 5. Nc3 Qc7 6. Be2 a6 7. Be3 Nf6 8. O-O Bb4 9. Na4 Be7 10. Nc3 O-O 11. a3 d6 {[%emt 0:04:22] B49: Sicilian: Taimanov: 5 Nc3 Qc7 6 Be3 a6 7 Be2.} 12. f4 Bd7 13. Kh1 Nxd4 14. Bxd4 Bc6 15. Bf3 Rad8 $146 (15... Rfe8 16. Bf2 Rad8 17. Qe2 e5 18. Bg3 b5 19. Rfd1 Qb8 20. Na2 a5 21. Qe1 Qc7 22. Rac1 exf4 23. Bxf4 {1-0 Cai,J (1584)-Masoumi,S (1902) Wch FIDE Online U14 Girls Asia qual rapid 2020 (4)}) 16. Qe1 e5 17. Be3 exf4 18. Bxf4 Nd7 19. Nd5 Bxd5 20. exd5 Bf6 21. c3 Rde8 22. Qf2 Be5 23. Bd2 f5 24. Bd1 Nf6 25. Bc2 (25. Qxf5 $2 Ne4 (25... Nxd5 26. Qd3 $14) 26. Be3 Rxf5 $19) 25... g6 (25... Nxd5 $2 26. Bb3 $18) 26. Qh4 {[%emt 0:02:00] Wards off Ng4} Kh8 (26... Nxd5 $2 27. Bb3 $18) (26... Qb6 {is interesting.} 27. Rab1 Ng4 28. h3 Bf6) 27. Rad1 b5 28. Bg5 Qc4 29. Rfe1 Qxh4 (29... Nxd5 $2 {too greedy.} 30. Qxc4 bxc4 31. Rxd5 $18) 30. Bxh4 Nd7 31. Bf2 Rc8 32. Bd3 Nf6 33. Bc2 Rc4 34. Bb3 Rcc8 35. Bc2 Kg7 36. Re2 Rfe8 {[%emt 0:01:42][%cal Oe5c3] ...Bxc3! would now be deadly.} 37. Bh4 Ng4 38. h3 Bf6 39. Rxe8 Rxe8 40. hxg4 {[%emt 0:01:22] [#] Black must now prevent Bxf6+.} Bxh4 41. gxf5 $15 {[%emt 0:31:11][%mdl 4096] Endgame KRB-KRB. White is a pawn up.} Re2 42. Bd3 Rxb2 43. fxg6 hxg6 44. c4 Rb3 45. cxb5 axb5 ({Much worse is} 45... Rxa3 $6 46. bxa6 Bg3 47. Kg1 $16) 46. Kg1 Bg3 47. Kf1 Kf6 48. Ke2 g5 49. Kf3 Bf4 50. Ke4 Rb2 51. Rg1 {[%emt 0:00:00] The position is equal.} b4 52. g3 Be5 53. Rf1+ Ke7 54. axb4 Rxb4+ 55. Kf5 Bxg3 56. Kxg5 Rd4 57. Bf5 Rxd5 58. Rh1 Re5 {[%emt 0:00:00] Weighted Error Value: White=0.05 (flawless) /Black=0.06 (flawless)   Inaccurate:     	White=1     	Black=2      OK:         	White=24    	Black=22     Best:        	White=2     	---} 1/2-1/2